 Dungeon Crawl Stone Soup version 0.29-a0-330-g52719c12eb (webtiles) character file.

Game seed: 12886202696443650349

978 kae the Firebug (level 8, -1/49 (52) HPs)
             Began as an Octopode Fire Elementalist on Apr 18, 2022.
             Was an Initiate of Ashenzari.
             Slain by a wight
             ... wielding a +4 mace
              (17 damage)
             ... on level 5 of the Dungeon.
             The game lasted 00:04:38 (7448 turns).

kae the Firebug (Octopode Fire Elementalist)        Turns: 7448, Time: 00:04:39

HP:   -1/49 (52)    AC:  1    Str:  3    XL:     8   Next: 17%
MP:   8/13          EV: 14    Int: 19    God:    Ashenzari [......]
Gold: 412           SH:  0    Dex: 16    Spells: 5/14 levels left

rFire   + . .      SeeInvis .   l - +4 spear "Hofel" {freeze, rElec rF+ Str-4 Dex+3}
rCold   . . .      Faith    .   (no shield)
rNeg    . . .      Spirit   .   (helmet restricted)
rPois   .          Reflect  .   (no amulet)
rElec   +          Harm     .   p - ring of wizardry
rCorr   .          Rampage  .   (no ring)
Will    .....                   (no ring)
Stlth   ++++......              (no ring)
HPRegen 0.16/turn               (no ring)
MPRegen 0.13/turn               (no ring)
                                (no ring)
                                (no ring)

@: drained
A: almost no armour, amphibious, 8 rings, camouflage 1, gelatinous body 1,
(nimble swimmer 1), tentacles
a: Renounce Religion


You were on level 5 of the Dungeon.
You worshipped Ashenzari.
Ashenzari was noncommittal.
You visited 2 branches of the dungeon, and saw 7 of its levels.

You collected 412 gold pieces.

Inventory:

Hand Weapons
 c - a +0 spectral club
 l - the +4 spear "Hofel" (weapon) {freeze, rElec rF+ Str-4 Dex+3}
   (You found it on level 3 of the Dungeon)

   It freezes those it strikes, dealing additional cold damage.
   It can also slow down cold-blooded creatures.
   Str:       It affects your strength (-4).
   Dex:       It affects your dexterity (+3).
   rF:        It protects you from fire.
   rElec:     It insulates you from electricity.
Missiles
 m - a throwing net
Armour
 f - a +0 buckler
Jewellery
 p - a ring of wizardry (left tentacle)
Wands
 o - a wand of mindburst (18)
Scrolls
 b - a scroll of teleportation
 k - 2 scrolls of amnesia
Potions
 a - a potion of magic
 d - 5 potions of curing
 e - 2 potions of heal wounds
 g - 4 potions of brilliance
 i - a potion of invisibility
 j - a potion of haste
 n - a potion of might {unknown}
 q - a potion of degeneration {unknown}
 r - a potion of cancellation {unknown}


   Skills:
 + Level 3.0 Fighting
 + Level 4.0 Dodging
 + Level 5.7 Stealth
 + Level 3.5 Spellcasting
 + Level 3.2 Conjurations
 * Level 5.8 Fire Magic


You had 5 spell levels left.
You knew the following spells:

 Your Spells              Type           Power      Damage    Failure   Level
a - Foxfire               Conj/Fire      80%        2x1d8     1%          1
b - Scorch                Fire           50%        2d7       1%          2
c - Conjure Flame         Conj/Fire      20%        6-21      2%          3
d - Inner Flame           Hex/Fire       14%        N/A       5%          3

Your spell library contained the following spells:

 Spells                   Type           Power      Damage    Failure   Level
 Magic Dart               Conj           60%        1d6       1%          1
 Searing Ray              Conj           30%        2d5       2%          2
 Wereblood                Tmut           3%         N/A       9%          2
 Flame Wave               Conj/Fire      20%        2d7       9%          4
 Ozocubu's Armour         Ice            3%         N/A       17%         3
 Fulminant Prism          Conj/Hex       4%         3d6       28%         4
 Metabolic Englaciation   Hex/Ice        1%         N/A       82%         5
 Eringya's Noxious Bog    Tmut/Pois      1%         N/A       100%        6
 Simulacrum               Ice/Necr       1%         N/A       100%        6
 Borgnjor's Revivificati  Necr           1%         N/A       100%        8


Dungeon Overview and Level Annotations

Branches:
Dungeon (6/15)             Temple (1/1) D:5

Altars:
Ashenzari
Cheibriados
Elyvilon
Fedhas
Gozag
Hepliaklqana
Kikubaaqudgha
Makhleb
Nemelex Xobeh
Okawaru
Ru
Sif Muna
Uskayaw
Wu Jian
Xom
The Shining One

Shops:
D:1 :   D:5 (!(?

Annotations:
D:5 Prince Ribbit


Innate Abilities, Weirdness & Mutations

You cannot wear most types of armour.
You are amphibious.
You can wear up to eight rings at the same time.
Your skin changes colour to match your surroundings (Stealth+).
Your rubbery body absorbs attacks. (AC +1, EV +1)
((You are camouflaged when in or above water. (Stealth+)))
You have tentacles for arms and can constrict up to eight enemies at once.


Message History

Partly explored, can't reach some places.
Partly explored, can't reach some places.
Partly explored, can't reach some places.
Partly explored, can't reach some places.
(D) Dungeon (T) Temple
Where to? (Enter - Temple @ (x,y), ? - help)
There is a stone staircase leading up here.
There is a stone staircase leading down here.
You climb downwards.
Found a falchion.
There is a stone staircase leading up here.
Okay, then.
Okay, then. 5 wights come into view.
A wight is wielding a +0 dagger and wearing a +2 robe of willpower.
Found a scroll of vulnerability.
There is a stone staircase leading up here.
Casting: Scorch (safe; 1% risk of failure)
Confirm with . or Enter, or press ? or * to list all spells.
Flames lash the wight.
The wight is moderately damaged.
The wight's fire resistance burns away.
The wight hits you with a +4 mace!
You feel drained. The wight hits you with a +4 mace!
You climb upwards.
Level annotation: Prince Ribbit
There is a stone staircase leading down here.
Casting: Scorch (safe; 1% risk of failure)
Confirm with . or Enter, or press ? or * to list all spells.
Flames lash the wight.
The wight is burned terribly!
The wight is severely damaged.
The wight barely misses you. The wight barely misses you.
Casting: Scorch (safe; 1% risk of failure)
Confirm with . or Enter, or press ? or * to list all spells.
Flames lash the wight.
The wight is burned terribly!
The wight is almost destroyed.
The wight hits you with a +4 mace!
You feel drained. The wight hits you with a +4 mace!
You die...

....#...###...##.##
#..######## #.#............#.#
#.......... #.#...#.....#....#
##.#######. #.#.###..>..###..#
#.##### #.
..#...#.....#....#######.....#
#.
..##....................####.#
#. ........###...##.######.#
#.# #. ..###....#...###.# #.#
#.# #. ..###.#..#...# #@# #.#
#.# #. .............# #z# #.#
#.# #. ......>..##.##
#[######.####.# #.
.####.##.##.# #.............#
## .## #.#.#.#.#
#..#####.###### #.
..###..###..####..# #.# #.
......## ##.......# #.# #.
..#..## ##.....######.# #.
?####.## ##.............# #.


You could see a wight (combustible).

Vanquished Creatures
  A centaur (D:5)
  A phantom (D:3)
  A necrophage (D:4)
  2 scorpions
  2 orc priests
  2 hounds (D:4)
  A gnoll shaman (D:5)
  An iron imp (D:5)
  6 orc wizards
  An iguana (D:5)
  11 gnolls
  8 adders
  2 worms (D:2)
  2 dart slugs
  22 orcs
  4 ball pythons
  5 bats
  4 endoplasms
  3 giant cockroaches
  6 goblins
  11 hobgoblins
  4 jackals (D:2)
  10 kobolds
  4 quokkas
  2 frilled lizards
  7 rats
123 creatures vanquished.

Vanquished Creatures (others)
  365 foxfires
365 creatures vanquished.

Grand Total: 488 creatures vanquished

Notes
Turn   | Place    | Note
-------+----------+-------------------------------------------
     0 | D:1      | kae the Octopode Fire Elementalist began the quest for the
                  | Orb.
     0 | D:1      | Reached XP level 1. HP: 11/11 MP: 3/3
   161 | D:1      | Reached XP level 2. HP: 17/17 MP: 3/5
   718 | D:1      | Found Yxtoyrow's Book Boutique.
   722 | D:1      | Learned a level 2 spell: Scorch
   905 | D:1      | Found a faded altar of an unknown god.
   957 | D:2      | Reached XP level 3. HP: 22/22 MP: 3/6
   961 | D:2      | Learned a level 3 spell: Conjure Flame
  1629 | D:2      | Reached skill level 1 in Fighting
  1708 | D:2      | Reached XP level 4. HP: 28/28 MP: 4/7
  2680 | D:2      | Reached XP level 5. HP: 33/33 MP: 4/8
  3021 | D:3      | Noticed a phantom
  3030 | D:3      | Killed a phantom
  3262 | D:3      | Got the Tome of Lethal Transformation
  3592 | D:3      | Reached XP level 6. HP: 39/39 MP: 9/9
  3695 | D:3      | Identified the +4 spear "Hofel" {freeze, rElec rF+ Str-4
                  | Dex+3}
  4665 | D:4      | Reached XP level 7. HP: 45/45 MP: 8/11
  4681 | D:4      | Reached skill level 5 in Fire Magic
  4882 | D:4      | Learned a level 3 spell: Inner Flame
  5017 | D:4      | Reached skill level 5 in Stealth
  5618 | D:5      | Entered Level 5 of the Dungeon
  5673 | D:5      | Found a snail-covered altar of Cheibriados.
  5810 | D:5      | Found Zekao's Weapon Shoppe.
  5830 | D:5      | Found Ongumal's Distillery.
  6068 | D:5      | Found a shimmering blue altar of Sif Muna.
  6081 | D:5      | Found Othruj's Weapon Shop.
  6329 | D:5      | Found a staircase to the Ecumenical Temple.
  6511 | D:5      | Reached XP level 8. HP: 44/50 MP: 9/13
  6833 | D:5      | Noticed Prince Ribbit
  6877 | Temple   | Entered the Ecumenical Temple
  6893 | Temple   | Became a worshipper of Ashenzari the Shackled
  7017 | D:5      | Found Quecasaq's Magic Scroll Shop.
  7448 | D:5      | Slain by a wight

Illustrated notes

Levels and vault maps discovered:
D:1:      eino_arrival_druids_welcome, layout_rooms,
          dilly_ecumenical_altar_fadedgnrine, serial_shops, shop_coins
D:2:      layout_basic, minmay_divided_ellipse
D:3:      layout_loops_ring
D:4:      layout_cave_pools, lightli_corner_chamber
D:5:      layout_loops_ring, slow_altar_1, led_sif_pool,
          minmay_temple_entry_tees, serial_shops, shop, shop,
          nicolae_shop_bloodbath_and_beyond, nicolae_stop_n_shop_1,
          uniq_prince_ribbit1
D:6:      cheibrodos_quashed, layout_loops_ring, trog_three_pillars_becter
Temple:   eino_temple_water

Skill      XL: |  1  2  3  4  5  6  7  8 |
---------------+-------------------------+-----
Stealth        | 3 4 5 |  5.7
Fighting       | 1 2 3 |  3.0
Fire Magic     | 4 5 |  5.8
Conjurations   | 2 3 |  3.2
Dodging        | 3 4 |  4.0
Spellcasting   | 3 |  3.5

Action                   |  1- 3 |  4- 6 |  7- 9 || total
-------------------------+-------+-------+-------++-------
Melee: Constrict         |     4 |     7 |     3 ||    14
       Tentacles         |     1 |    10 |     2 ||    13
       Unarmed           |     1 |       |       ||     1
       Club              |    11 |    34 |       ||    45
       Spear             |       |     1 |    13 ||    14
 Cast: Foxfire           |    61 |    70 |    78 ||   209
       Scorch            |       |    18 |    24 ||    42
  Use: Potion            |       |     1 |     1 ||     2
       Scroll            |       |     5 |     5 ||    10
 Stab: Sleeping          |       |     6 |       ||     6
Armor: Skin              |     2 |     6 |     2 ||    10
Dodge: Dodged            |    16 |    32 |    56 ||   104

Table legend: (Time is in decaauts)
 A = Elapsed time spent in this place.
 B = Non-inter-level travel time spent in this place.
 C = Inter-level travel time spent in this place.
 D = Time resting spent in this place.
 E = Time spent auto-exploring this place.
 F = Levels seen in this place.
 G = Mean time per level.
                   A        B        C        D        E       F      G
               +--------+--------+--------+--------+--------+-----+--------+
         Total |   7465 |   7212 |    253 |   1196 |   4945 |   7 | 1066.4 |
       Dungeon |   7406 |   7167 |    239 |   1196 |   4939 |   6 | 1234.3 |
        Temple |     58 |     45 |     13 |      0 |      6 |   1 |   58.0 |
               +--------+--------+--------+--------+--------+-----+--------+

Top non-repeatable levels by time:
     D:2: 1944 daAuts
     D:5: 1621 daAuts
     D:4: 1540 daAuts
     D:3: 1349 daAuts
     D:1: 944 daAuts
  Temple: 58 daAuts
     D:6: 5 daAuts
